 Dungeon Crawl Stone Soup version 0.30-a0-2-gf48d83f5e2 (webtiles) character file.

Game seed: 10520366224221542555

62 Turgor the Grasshopper (level 4, -4/38 HPs)
             Began as a Gnoll Warper on Aug 19, 2022.
             Slain by a gnoll
             ... wielding a +4 flail of holy wrath
              (7 damage)
             ... on level 2 of the Dungeon.
             The game lasted 00:06:42 (1827 turns).

Turgor the Grasshopper (Gnoll Warper)               Turns: 1827, Time: 00:06:42

Health: -4/38      AC:  5    Str: 12    XL:     4   Next: 8%
Magic:  11/11      EV: 12    Int: 13    God:
Gold:   78         SH:  0    Dex: 11    Spells: 13/13 levels left

rFire   . . .      SeeInvis .    a - +0 hand axe
rCold   . . .      Faith    .    (no shield)
rNeg    + . .      Spirit   .    b - +0 leather armour
rPois   .          Reflect  .    m - +1 helmet
rElec   .          Harm     .    (no cloak)
rCorr   .          Rampage  .    (no gloves)
Will    .....                    (no boots)
Stlth   +.........               (no amulet)
HPRegen 0.12/turn                f - ring of positive energy
MPRegen 0.12/turn                (no ring)

@: no status effects
A: fangs 1, strong nose, distributed training
a: no special abilities


You were on level 2 of the Dungeon.
You visited 1 branch of the dungeon, and saw 2 of its levels.

You collected 78 gold pieces.

Inventory:

Hand Weapons
 a - a +0 hand axe (weapon)
Missiles
 d - 4 boomerangs of dispersal
 l - a poisoned dart (quivered)
Armour
 b - a +0 leather armour (worn)
 m - a +1 helmet (worn)
Jewellery
 f - a ring of positive energy (left hand)
Scrolls
 c - a scroll of blinking
 g - a scroll of acquirement {unknown}
 j - 2 scrolls of identify
 k - a scroll of enchant weapon {unknown}
 n - a scroll of immolation {unknown}
 o - a scroll of brand weapon {unknown}
 q - a scroll of enchant armour {unknown}
Potions
 e - a potion of brilliance
 h - a potion of lignification
 i - a potion of curing
 p - a potion of flight {unknown}


   Skills:
 + Level 4.6 Fighting
 + Level 1.0 Short Blades
 + Level 1.0 Long Blades
 + Level 4.6 Axes
 + Level 1.0 Maces & Flails
 + Level 1.0 Polearms
 + Level 1.0 Staves
 + Level 1.0 Ranged Weapons
 + Level 2.7 Throwing
 + Level 2.7 Armour
 + Level 4.6 Dodging
 + Level 1.0 Stealth
 + Level 1.0 Shields
 + Level 1.0 Unarmed Combat
 + Level 5.0 Spellcasting
 + Level 0.8 Conjurations
 + Level 0.8 Hexes
 + Level 0.8 Summonings
 + Level 0.8 Necromancy
 + Level 5.4 Translocations
 + Level 0.8 Transmutations
 + Level 0.8 Fire Magic
 + Level 0.8 Ice Magic
 + Level 0.8 Air Magic
 + Level 0.8 Earth Magic
 + Level 0.8 Poison Magic
 + Level 1.1 Invocations
 + Level 1.0 Evocations


You had 13 spell levels left.
You didn't know any spells.
Your spell library contained the following spells:

 Spells                   Type           Power      Damage    Failure   Level
 Blink                    Tloc           34%        N/A       3%          2
 Gell's Gravitas          Tloc           17%        N/A       8%          3
 Lesser Beckoning         Tloc           17%        N/A       8%          3
 Teleport Other           Tloc           17%        N/A       8%          3
 Sandblast                Erth           10%        2d5       17%         1
 Slow                     Hex            20%        N/A       17%         1
 Passwall                 Tmut/Erth      4%         N/A       26%         2
 Confusing Touch          Hex            5%         N/A       45%         3
 Stone Arrow              Conj/Erth      10%        3d7       45%         3
 Vampiric Draining        Necr           5%         2d6       45%         3
 Manifold Assault         Tloc           17%        N/A       56%         5


Dungeon Overview and Level Annotations

Branches:
Dungeon (2/15)

Altars:

Shops:
D:1 =


Innate Abilities, Weirdness & Mutations

You have very sharp teeth.
Your uncanny sense of smell can sniff out nearby items.
Your experience applies equally to all skills.


Message History

You barely miss the gnoll. You punch the gnoll, but do no damage.
The gnoll hits you with a +4 flail of holy wrath!
You hit the gnoll.
The gnoll is heavily wounded.
The gnoll hits you with a +4 flail of holy wrath!
You hit the gnoll but do no damage.
The gnoll is heavily wounded.
The gnoll closely misses you.
You hit the gnoll but do no damage.
The gnoll is heavily wounded.
The gnoll closely misses you.
You hit the gnoll.
The gnoll is severely wounded.
The gnoll closely misses you.
You barely miss the gnoll.
The gnoll is severely wounded.
The gnoll closely misses you.
You closely miss the gnoll. Your bite misses the gnoll.
The gnoll is severely wounded.
The gnoll hits you with a +4 flail of holy wrath!
* * * LOW HITPOINT WARNING * * *
You feel better.
The gnoll hits you with a +4 flail of holy wrath.
The gnoll closely misses you.
You closely miss the gnoll.
The gnoll is severely wounded.
You barely miss the gnoll. The gnoll hits you with a +0 club.
The gnoll hits you with a +4 flail of holy wrath!
* * * LOW HITPOINT WARNING * * *
You hit the gnoll. You bite the gnoll, but do no damage.
The gnoll is almost dead.
You hit the gnoll but do no damage.
The gnoll hits you with a +4 flail of holy wrath.
* * * LOW HITPOINT WARNING * * *
The gnoll barely misses you.
You barely miss the gnoll.
The gnoll is almost dead.
You barely miss the gnoll.
The gnoll hits you with a +4 flail of holy wrath!
You die...

###.........#...###########.
.................# #........
########.###.##..##
#.####### #.# #.###..###.
### #.# #.###...##.####...
#.# #)#...#.##.....### #.#
#.#..(#..##.......
#.###.#.........##.##.
#.#..@g...##.......##.
#.#.#.g...####........
###†#.#.....# #.....#..
#.#.#.......# ##+##[#..
#.#.###).#### #....÷..
#........# ##.##.#.#
#.#..##..#######........
#.................##....
#.......................


You could see 2 gnolls.

Vanquished Creatures
  2 gnolls (D:2)
  A worm (D:2)
  A dart slug (D:2)
  A ball python (D:2)
  4 endoplasms
  2 giant cockroaches (D:1)
  3 goblins
  6 hobgoblins
  A quokka (D:1)
  4 bats (D:1)
  5 frilled lizards
  3 kobolds
  5 rats
38 creatures vanquished.

Notes
Turn   | Place    | Note
-------+----------+-------------------------------------------
     0 | D:1      | Turgor the Gnoll Warper began the quest for the Orb.
     0 | D:1      | Reached XP level 1. HP: 20/20 MP: 6/6
   393 | D:1      | Found Vafaawa's Jewellery Shop.
   408 | D:1      | Found a faded altar of an unknown god.
   416 | D:1      | Reached XP level 2. HP: 26/26 MP: 7/7
   942 | D:2      | Reached skill level 5 in Spellcasting
   942 | D:2      | Reached XP level 3. HP: 27/31 MP: 7/9
  1313 | D:2      | Reached skill level 1 in Invocations
  1664 | D:2      | Reached skill level 1 in Short Blades
  1664 | D:2      | Reached skill level 1 in Long Blades
  1664 | D:2      | Reached skill level 1 in Maces & Flails
  1664 | D:2      | Reached skill level 1 in Polearms
  1664 | D:2      | Reached skill level 1 in Staves
  1664 | D:2      | Reached skill level 1 in Ranged Weapons
  1664 | D:2      | Reached skill level 1 in Stealth
  1664 | D:2      | Reached skill level 1 in Shields
  1664 | D:2      | Reached skill level 1 in Unarmed Combat
  1664 | D:2      | Reached skill level 1 in Evocations
  1769 | D:2      | Reached XP level 4. HP: 38/38 MP: 11/11
  1827 | D:2      | Slain by a gnoll

Illustrated notes

Levels and vault maps discovered:
D:1:      lightli_arrival_noodles, layout_rooms, serial_shops,
          nicolae_shop_temple_entry_statues_fountains,
          ebering_ecumenical_altar_rust
D:2:      layout_basic, amcnicky_mini_rare_corridor_liquid,
          lemuel_another_geyser

Skill      XL: |  1  2  3 |
---------------+----------+-----
Spellcasting   | 5 |  5.0
Invocations    | 1 |  1.1
Short Blades   | 1 |  1.0
Long Blades    | 1 |  1.0
Maces & Flails | 1 |  1.0
Polearms       | 1 |  1.0
Staves         | 1 |  1.0
Ranged Weapons | 1 |  1.0
Stealth        | 1 |  1.0
Shields        | 1 |  1.0
Unarmed Combat | 1 |  1.0
Evocations     | 1 |  1.0
Fighting       | |  4.6
Axes           | |  4.6
Throwing       | |  2.7
Armour         | |  2.7
Dodging        | |  4.6
Conjurations   | |  0.8
Hexes          | |  0.8
Summonings     | |  0.8
Necromancy     | |  0.8
Translocations | |  5.4
Transmutations | |  0.8
Fire Magic     | |  0.8
Ice Magic      | |  0.8
Air Magic      | |  0.8
Earth Magic    | |  0.8
Poison Magic   | |  0.8

Action                   |  1- 3 |  4- 6 || total
-------------------------+-------+-------++-------
Melee: Hand axe          |   105 |    12 ||   117
       Bite              |     8 |     2 ||    10
       Punch             |     1 |     1 ||     2
Throw: Boomerang         |     3 |       ||     3
       Dart              |     6 |     1 ||     7
  Use: Scroll            |     3 |       ||     3
       Potion            |       |     1 ||     1
Armor: Leather armour    |    26 |       ||    26
Dodge: Dodged            |    64 |     6 ||    70

Table legend: (Time is in decaauts)
 A = Elapsed time spent in this place.
 B = Non-inter-level travel time spent in this place.
 C = Inter-level travel time spent in this place.
 D = Time resting spent in this place.
 E = Time spent auto-exploring this place.
 F = Levels seen in this place.
 G = Mean time per level.
                   A        B        C        D        E       F      G
               +--------+--------+--------+--------+--------+-----+--------+
         Total |   1835 |   1807 |     28 |      6 |   1304 |   2 |  917.5 |
       Dungeon |   1835 |   1807 |     28 |      6 |   1304 |   2 |  917.5 |
               +--------+--------+--------+--------+--------+-----+--------+

Top non-repeatable levels by time:
     D:1: 958 daAuts
     D:2: 877 daAuts
